 Dungeon Crawl Stone Soup version 0.17-a0-1545-gc1bb672 (webtiles) character file.

120 Gorice the Cutter (level 4, -1/34 HPs)
             Began as a Vampire Wanderer on July 18, 2015.
             Slain by a goblin
             ... wielding a +0 club
              (4 damage)
             ... on level 3 of the Dungeon.
             The game lasted 00:09:18 (2019 turns).

Gorice the Cutter (Vampire Wanderer)                Turns: 2019, Time: 00:09:18

Health: -1/34      AC:  9    Str: 13    XL:     4   Next: 75%
Magic:  4/4        EV:  8    Int: 12    God:
Gold:   97         SH:  0    Dex: 14    Spells: 0 memorised, 3 levels left

rFire  . . .     SeeInvis +     a - +0 short sword
rCold  + . .     Clarity  .     b - +2 scale mail
rNeg   + + .     SustAt   .     (no shield)
rPois  +         Gourm    .     (no helmet)
rElec  .         Spirit   .     (no cloak)
rCorr  .         Warding  .     (no gloves)
rMut   .         Stasis   .     t - +0 pair of boots
MR     .....                    (no amulet)
Stlth  +.........               (no ring)
                                (no ring)

@: regenerating slowly, not resistant to hostile enchantments, very unstealthy
A: fangs 3, see invisible, unbreathing
a: Bat Form


You were on level 3 of the Dungeon.
You were thirsty.

You visited 1 branch of the dungeon, and saw 3 of its levels.

You collected 97 gold pieces.

Inventory:

Hand weapons
 a - a +0 short sword (weapon)
 d - a +0 dagger
 h - a +0 spear
Missiles
 f - 2 javelins (quivered)
 l - 37 poisoned needles
 m - 6 curare-tipped needles
 Z - 84 stones
Armour
 b - a +2 scale mail (worn)
 t - a +0 pair of boots (worn)
 u - a +0 chain mail
Jewellery
 k - an uncursed amulet of faith {!P}
Scrolls
 o - a scroll of teleportation {!r}
 p - 2 scrolls of remove curse
 s - a scroll of recharging
 w - a scroll of identify {unknown}
Potions
 c - a potion of lignification {!q}
 e - 13 potions of blood
 g - 2 potions of cure mutation {unknown}
 i - a potion of haste {unknown}
 j - a potion of heal wounds {unknown}
 n - a potion of agility {unknown}
 q - a potion of flight {unknown}
 r - a potion of poison {unknown}
 v - a potion of might {unknown}


   Skills:
 + Level 2.8 Fighting
 * Level 4.8 Short Blades
   Level 1.0 Axes
 - Level 2.4 Armour
 - Level 3.0 Stealth


You had 3 spell levels left.
You didn't know any spells.

Dungeon Overview and Level Annotations

Branches:
Dungeon (3/15)

Altars:

Annotations:
D:2 vpUX: Yiuf's house, 1 exclusion


Innate Abilities, Weirdness & Mutations

You heal slowly.
You have razor-sharp teeth.
You have supernaturally acute eyesight.
You can survive without breathing.


Message History

The orc hits you but does no damage.
Damage: 5 (max 14) Unknown command.
You are feeling thirsty.
You closely miss the orc priest.
The orc priest is heavily wounded.
The orc hits you but does no damage.
The orc priest hits you but does no damage.
Unknown command.
You hit the orc priest but do no damage.
The orc priest is heavily wounded.
The orc hits you but does no damage.
The orc priest miscasts a cantrip.
Unknown command.
The orc hits you but does no damage.
Things that are here:
a javelin; a short sword; a leather armour Your surroundings suddenly seem different.
A goblin comes into view. It is wielding a dagger.
The goblin shouts!
Found four items.
A goblin comes into view. It is wielding a club.
You open the door.
A goblin comes into view.
There is an open door here.
The goblin shouts!
The goblin hits you but does no damage.
You hit the goblin but do no damage. You bite the goblin.
The goblin is severely wounded.
The goblin hits you but does no damage.
You hit the goblin.
You kill the goblin!
The goblin hits you but does no damage.
You hit the goblin.
The goblin is moderately wounded.
You barely miss the goblin. The goblin hits you but does no damage.
The goblin hits you but does no damage.
You closely miss the goblin. The goblin hits you but does no damage.
You barely miss the goblin.
The goblin is moderately wounded.
The goblin barely misses you. The goblin closely misses you.
Unknown command.
The goblin hits you but does no damage.
You see here a goblin corpse.
You open the door. The goblin barely misses you.
The goblin hits you but does no damage.
There is an open door here.
The goblin hits you but does no damage.
You closely miss the goblin. The goblin hits you with a club.
You die...

#.# . #.# # #.# # ##+#
####.##### # ##...##
#........# # ##.....##
#.##.###.# # ##.......##
##.##.# #.# #
#.........####...#.###.#####
+.........'@gg.............)
#.........####...#.###.#####
#.......## ##'##.....# ###
##.....## #.†.####### #..
##...## #...# #)# ##'##
###'### #.# #####.#####
#.....# #.#
#.........##.......# #..
###.###.###.##...(??.# #..


You could see 2 goblins.

Vanquished Creatures
  An orc priest (D:3)
  4 adders
  A worm (D:2)
  4 giant geckos
  6 orcs (D:3)
  4 giant cockroaches (D:1)
  7 goblins
  4 hobgoblins
  3 kobolds
  4 bats
  2 giant newts
  A quokka (D:3)
  7 rats
48 creatures vanquished.

Notes
Turn   | Place    | Note
--------------------------------------------------------------
     0 | D:1      | Gorice the Vampire Wanderer began the quest for the Orb.
     0 | D:1      | Gorice set off with: a +2 scale mail, a +0 short sword, a potion of lignification {!q}, a +0 dagger, a potion of blood
     0 | D:1      | Reached XP level 1. HP: 16/16 MP: 1/1
   227 | D:1      | Reached skill level 2 in Fighting
   364 | D:1      | Reached XP level 2. HP: 17/22 MP: 2/2
   504 | D:1      | Reached skill level 3 in Short Blades
   799 | D:2      | Reached XP level 3. HP: 18/28 MP: 3/3
  1448 | D:3      | Reached skill level 4 in Short Blades
  1718 | D:3      | Reached XP level 4. HP: 30/34 MP: 4/4
  1996 | D:3      | HP: 7/34 [orc priest/divine providence (14)]
  1997 | D:3      | HP: 2/34 [orc priest/flail (5)]
  2019 | D:3      | Slain by a goblin

Vault maps used:
D:1:      dpeg_arrival_stone_temple_mockup, serial_bayou_lake_a
D:2:      uniq_crazy_yiuf_cottage
D:3:      minmay_goblin_kobold_house

Action                   |  1- 3 |  4- 6 || total
-------------------------+-------+-------++-------
Melee: Short sword       |   143 |    66 ||   209
Throw: Javelin           |       |     7 ||     7
  Use: Scroll            |     5 |     1 ||     6
       Potion            |     3 |       ||     3
 Stab: Sleeping          |     3 |       ||     3

Table legend:
 A = Turns spent in this place as a percentage of turns spent in the entire game.
 B = Non-inter-level travel turns spent in this place as a percentage of non-inter-level travel turns spent in the entire game.
 C = Inter-level travel turns spent in this place as a percentage of turns spent in this place.
 D = Turns resting spent in this place as a percentage of non-inter-level travel turns spent in this place.
 E = Turns spent auto-exploring this place as a percentage of non-inter-level travel turns spent in this place.
 F = Non-inter-level travel turns spent in this place divided by the number of levels of this place that you've seen.
                   A       B       C       D       E      F
               +-------+-------+-------+-------+-------+----------------------
         Total | 100.0 | 100.0 |   0.4 |   1.0 |   7.9 | 240.0
       Dungeon | 100.0 | 100.0 |   0.4 |   1.0 |   7.9 | 240.0
               +-------+-------+-------+-------+-------+----------------------

Vault maps used:
D:1:      dpeg_arrival_stone_temple_mockup, serial_bayou_lake_a
D:2:      uniq_crazy_yiuf_cottage
D:3:      minmay_goblin_kobold_house
